Penguins vs Canadiens
Created - December 16, 2017 at 10:03
Goals
|
Penguins |
0 |
2 |
1 |
3 |
Canadiens |
1 |
2 |
2 |
5 |
|
Shots
|
Penguins |
10 |
20 |
10 |
40 |
Canadiens |
19 |
7 |
8 |
34 |
|
1st period
1. Canadiens , Jiri Tlusty 2 (Patrick Sharp 13, Jason Spezza 13) at 3:52
Penalties :
Keith Aulie (Pit) for Hooking (Minor) at 4:06, Maxim Kondratiev (Mon) for Roughing (Minor) at 9:07, Dion Phaneuf (Pit) for Holding (Minor) at 11:57, Josef Vasicek (Pit) for Tripping (Minor) at 16:28
2nd period
2. Canadiens , Jason Spezza 10 (Patrick Sharp 14, Jiri Tlusty 2) at 7:28
3. Penguins , Keith Aulie 5 (Steven Stamkos 35, Bobby Ryan 26) at 7:36
4. Penguins , Steven Stamkos 21 (Andrew Cogliano 19) at 17:07 (PP)
5. Canadiens , Joe Pavelski 14 (Sidney Crosby 21) at 18:28
Penalties :
Luke Schenn (Mon) for Slashing (Minor) at 0:43, Kurt Sauer (Mon) for Hooking (Minor) at 17:04
3rd period
6. Penguins , Dion Phaneuf 4 (Sean Zimmerman 12, Simon Gagné 8) at 1:04
7. Canadiens , Sidney Crosby 19 (Joe Pavelski 14) at 5:48
8. Canadiens , Patrick Sharp 7 (Joe Pavelski 15, Evgeny Dadonov 8) at 19:45 (Empty Net)
Penalties :
Vitaly Vishnevsky (Mon) for Hooking (Minor) at 1:19, Brett Maclean (Mon) for Hooking (Minor) at 3:33, Sam Gagner (Pit) for Interference (Minor) at 7:43, Kurt Sauer (Mon) for Cross-checking (Minor) at 11:19, Greg Stewart (Mon) for Tripping (Minor) at 14:25, Simon Gagné (Pit) for Slashing (Minor) at 16:39
Goalie Stats
Brian Elliott (Pit), 29 saves from 33 shots - (0.879), L, 14-7-3, 59:05 minutes
Jonathan Bernier (Mon), 37 saves from 40 shots - (0.925), W, 15-8-1, 60:00 minutes
Players Stats for Penguins
Player Name G A P +/- PIM S H SB GA TA FO MP PP MP PK MP
------------------------------------------------------------------------------------
Andrew Cogliano 0 1 1 -1 0 3 0 0 0 1 0/1 24:34 6:13 4:34
Bobby Ryan 0 1 1 -1 0 4 1 0 2 0 1/1 19:58 6:11 0:00
Brayden Schenn 0 0 0 0 0 5 0 0 0 1 9/17 15:10 0:17 5:02
Brian McGrattan 0 0 0 0 0 2 0 0 0 0 0/0 9:55 0:17 0:00
D.J King 0 0 0 -1 0 0 0 0 0 0 0/0 6:48 0:15 0:59
Dion Phaneuf 1 0 1 -2 2 6 2 1 1 0 0/0 28:06 7:24 3:59
Duncan Keith 0 0 0 -1 0 2 0 1 1 0 0/0 24:16 4:33 5:39
Eric Gryba 0 0 0 0 0 0 0 2 0 0 0/0 7:06 0:00 0:00
Josef Vasicek 0 0 0 -1 2 0 1 0 0 0 1/6 5:43 0:00 0:44
Keith Aulie 1 0 1 -1 2 3 2 1 0 2 0/0 22:38 4:33 4:00
Max Pacioretty 0 0 0 -1 0 1 1 0 1 0 1/1 15:20 5:29 0:08
Nathan Horton 0 0 0 -1 0 0 0 0 0 0 0/0 18:09 5:29 3:00
Nikita Alexeev 0 0 0 -1 0 1 0 0 0 0 0/0 4:41 0:00 0:00
Paul Ranger 0 0 0 0 0 1 0 2 0 0 0/0 8:23 0:00 1:17
Sam Gagner 0 0 0 -1 2 1 1 0 0 0 6/14 16:28 5:29 1:09
Sean Zimmerman 0 1 1 -2 0 4 0 1 0 0 0/0 29:37 7:24 4:55
Simon Gagné 0 1 1 0 2 3 1 0 0 0 1/1 13:10 0:00 4:14
Steven Stamkos 1 1 2 -1 0 4 0 0 2 0 18/31 19:58 6:11 0:00
Players Stats for Canadiens
Player Name G A P +/- PIM S H SB GA TA FO MP PP MP PK MP
------------------------------------------------------------------------------------
Andrew Ebbett 0 0 0 0 0 0 1 0 0 0 1/4 9:27 0:00 3:26
Brett Maclean 0 0 0 0 2 0 1 1 0 0 0/0 11:30 0:00 0:28
David Jones 0 0 0 0 0 0 1 0 0 1 0/0 13:53 0:00 2:52
Dennis Wideman 0 0 0 0 0 2 3 2 0 1 0/0 24:13 6:38 7:27
Dustin Boyd 0 0 0 0 0 2 2 0 0 0 6/9 10:48 0:00 0:00
Evgeny Dadonov 0 1 1 1 0 0 0 0 1 0 1/1 6:22 0:00 0:00
Greg Stewart 0 0 0 1 2 2 2 0 1 0 0/0 21:32 3:47 5:32
Jason Spezza 1 1 2 1 0 6 0 0 0 0 11/17 18:54 3:47 6:36
Jiri Tlusty 1 1 2 1 0 2 1 0 0 0 0/1 12:17 3:47 0:00
Joe Pavelski 1 2 3 2 0 5 1 0 0 0 0/4 18:51 6:08 0:00
Kurt Sauer 0 0 0 1 4 1 0 0 0 1 0/0 9:33 0:00 0:35
Luke Schenn 0 0 0 2 2 2 3 1 1 1 0/0 26:12 3:17 3:55
Maxim Kondratiev 0 0 0 2 2 0 1 2 0 1 0/0 22:35 0:00 5:42
Nick Spaling 0 0 0 0 0 1 0 0 0 0 0/0 5:38 0:00 0:00
Patrick Sharp 1 2 3 2 0 3 3 1 0 0 2/2 17:49 6:08 2:26
Sidney Crosby 1 1 2 1 0 5 2 0 0 1 14/34 20:56 6:08 2:34
Vitaly Vishnevsky 0 0 0 1 2 2 2 0 1 0 0/0 18:13 6:38 1:14
Wes O'Neill 0 0 0 0 0 1 1 2 0 1 0/0 19:13 3:17 5:01
3 Stars
1 - Patrick Sharp (Mon)
2 - Joe Pavelski (Mon)
3 - Sidney Crosby (Mon)
Power Play
Penguins - 1 on 7 Attempt(s) - 14.29%
Canadiens - 0 on 5 Attempt(s) - 0.00%
Penalty Kill
Penguins - 5 on 5 Attempt(s) - 100.00%
- Score 0 goal in Penalty Kill
Canadiens - 6 on 7 Attempt(s) - 85.71%
- Score 0 goal in Penalty Kill
Team Stat
Penguins - Hits : 9 - Faceoff Wins : 37 - Blocked Shots : 8 - Penalty Minutes : 10
Canadiens - Hits : 24 - Faceoff Wins : 35 - Blocked Shots : 9 - Penalty Minutes : 14
Official
Referees : Fraser Kerry and Pochmara Brian
Linesman : Vaughan Rody and Thor Nelson
Game Notes
16:42 of 3rd period - Canadiens goal is going for a video replay. After video review, No Goal. The goalkeeper has been pushed into the net together with the puck after making a save.
Patrick Sharp has scored in a empty net!
Finance
Level 1 -- Attendance: 6000 (100.00%) -- Ticket Income $528,000
Level 2 -- Attendance: 5000 (100.00%) -- Ticket Income $275,000
Level 3 -- Attendance: 1881 (94.05%) -- Ticket Income $67,716
Level 4 -- Attendance: 4000 (100.00%) -- Ticket Income $108,000
Luxury Box -- Attendance: 1000 (100.00%) -- Ticket Income $155,000
Game was played at the Centre Bell.
Total Attendance: 17881 (99.34%)
Total Ticket Income: $1,133,716
Other Income: $170,057
Total Income: $1,303,773
Penguins
5 vs 5 Forward
Center Left Wing Right Wing Time % Phy DF OF
1 Steven Stamkos Andrew Cogliano Bobby Ryan 40 0 2 3
2 Sam Gagner Max Pacioretty Nathan Horton 30 0 2 3
3 Brayden Schenn Simon Gagné Brian McGrattan 20 0 2 3
4 Josef Vasicek D.J King Nikita Alexeev 10 0 2 3
5 vs 5 Defense
Defense Defense Time % Phy DF OF
1 Dion Phaneuf Sean Zimmerman 45 1 2 2
2 Duncan Keith Keith Aulie 33 1 2 2
3 Paul Ranger Eric Gryba 22 1 2 2
4 Dion Phaneuf Sean Zimmerman 0 1 2 2
PowerPlay Forward
Center Left Wing Right Wing Time % Phy DF OF
1 Steven Stamkos Andrew Cogliano Bobby Ryan 60 0 1 4
2 Sam Gagner Max Pacioretty Nathan Horton 40 0 1 4
PowerPlay Defense
Defense Defense Time % Phy DF OF
1 Dion Phaneuf Sean Zimmerman 60 0 2 3
2 Duncan Keith Keith Aulie 40 0 2 3
Penalty Kill 4 Players Forward
Center Wing Time % Phy DF OF
1 Brayden Schenn Simon Gagné 60 0 4 1
2 Andrew Cogliano Nathan Horton 40 0 4 1
Penalty Kill 4 Players Defense
Defense Defense Time % Phy DF OF
1 Dion Phaneuf Sean Zimmerman 60 1 4 0
2 Duncan Keith Keith Aulie 40 1 4 0
Penalty Kill - 3 Players Forward
Forward Time % Phy DF OF
1 Brayden Schenn 60 0 4 1
2 Nathan Horton 40 0 4 1
Penalty Kill - 3 Players Defense
Defense Defense Time % Phy DF OF
1 Dion Phaneuf Sean Zimmerman 60 1 4 0
2 Duncan Keith Keith Aulie 40 1 4 0
4 vs 4 Forward
Center Wing Time % Phy DF OF
1 Steven Stamkos Bobby Ryan 60 0 2 3
2 Sam Gagner Nathan Horton 40 0 2 3
4 vs 4 Defense
Defense Defense Time % Phy DF OF
1 Dion Phaneuf Sean Zimmerman 60 1 2 2
2 Duncan Keith Keith Aulie 40 1 2 2
Last Minutes Offensive
Center Left Wing Right Wing Defense Defense
Steven Stamkos Andrew Cogliano Bobby Ryan Dion Phaneuf Sean Zimmerman
Last Minutes Defensive
Center Left Wing Right Wing Defense Defense
Brayden Schenn Andrew Cogliano Nathan Horton Dion Phaneuf Sean Zimmerman
Goaltenders
Starting : Brian Elliott
Backup : Josh Tordjman
Extra Forwards
Normal : Steven Stamkos, Sam Gagner, Brayden Schenn - PP : Andrew Cogliano, Max Pacioretty - PK : Simon Gagné
Extra Defensemen
Normal : Sean Zimmerman, Duncan Keith, Paul Ranger - PP : Paul Ranger - PK : Sean Zimmerman, Duncan Keith
Penalty Shots
Max Pacioretty, Bobby Ryan, Steven Stamkos, Brayden Schenn, Simon Gagné
Scratches
None
Canadiens
5 vs 5 Forward
Center Left Wing Right Wing Time % Phy DF OF
1 Sidney Crosby Greg Stewart Joe Pavelski 40 1 2 2
2 Jason Spezza Patrick Sharp Jiri Tlusty 30 1 2 2
3 Dustin Boyd Brett Maclean David Jones 20 1 2 2
4 Andrew Ebbett Nick Spaling Evgeny Dadonov 10 1 2 2
5 vs 5 Defense
Defense Defense Time % Phy DF OF
1 Luke Schenn Maxim Kondratiev 40 1 2 2
2 Dennis Wideman Wes O'Neill 30 1 2 2
3 Kurt Sauer Vitaly Vishnevsky 20 1 2 2
4 Vitaly Vishnevsky Luke Schenn 10 1 2 2
PowerPlay Forward
Center Left Wing Right Wing Time % Phy DF OF
1 Sidney Crosby Patrick Sharp Joe Pavelski 60 1 2 2
2 Jason Spezza Greg Stewart Jiri Tlusty 40 1 2 2
PowerPlay Defense
Defense Defense Time % Phy DF OF
1 Dennis Wideman Vitaly Vishnevsky 60 1 2 2
2 Wes O'Neill Luke Schenn 40 1 2 2
Penalty Kill 4 Players Forward
Center Wing Time % Phy DF OF
1 Jason Spezza Greg Stewart 60 1 2 2
2 Andrew Ebbett David Jones 40 1 2 2
Penalty Kill 4 Players Defense
Defense Defense Time % Phy DF OF
1 Dennis Wideman Maxim Kondratiev 60 1 2 2
2 Wes O'Neill Luke Schenn 40 1 2 2
Penalty Kill - 3 Players Forward
Forward Time % Phy DF OF
1 Jason Spezza 60 1 2 2
2 Andrew Ebbett 40 1 2 2
Penalty Kill - 3 Players Defense
Defense Defense Time % Phy DF OF
1 Dennis Wideman Maxim Kondratiev 60 1 2 2
2 Wes O'Neill Luke Schenn 40 1 2 2
4 vs 4 Forward
Center Wing Time % Phy DF OF
1 Sidney Crosby Patrick Sharp 60 1 2 2
2 Jason Spezza Joe Pavelski 40 1 2 2
4 vs 4 Defense
Defense Defense Time % Phy DF OF
1 Vitaly Vishnevsky Luke Schenn 60 1 2 2
2 Wes O'Neill Maxim Kondratiev 40 1 2 2
Last Minutes Offensive
Center Left Wing Right Wing Defense Defense
Sidney Crosby Patrick Sharp Joe Pavelski Dennis Wideman Luke Schenn
Last Minutes Defensive
Center Left Wing Right Wing Defense Defense
Jason Spezza Patrick Sharp Joe Pavelski Maxim Kondratiev Luke Schenn
Goaltenders
Starting : Jonathan Bernier
Backup : Mikael Tellqvist
Extra Forwards
Normal : Dustin Boyd, Greg Stewart, Evgeny Dadonov - PP : Nick Spaling, Brett Maclean - PK : Sidney Crosby
Extra Defensemen
Normal : Maxim Kondratiev, Vitaly Vishnevsky, Wes O'Neill - PP : Luke Schenn - PK : Dennis Wideman, Vitaly Vishnevsky
Penalty Shots
Sidney Crosby, Joe Pavelski, Patrick Sharp, Dustin Boyd, Andrew Ebbett
Scratches
None
% Time on Ice - Penguins
Lines # - Real PCT - Wanted PCT - Time Play
Normal Forward
1 - 38% - 40% - 14:12
2 - 26% - 30% - 9:40
3 - 23% - 20% - 8:36
4 - 13% - 10% - 4:41
Normal Defense
1 - 45% - 45% - 16:41
2 - 36% - 33% - 13:22
3 - 19% - 22% - 7:06
4 - 0% - 0% - 0:00
PP Forward
1 - 54% - 60% - 6:28
2 - 46% - 40% - 5:29
PP Defense
1 - 62% - 60% - 7:24
2 - 38% - 40% - 4:33
PK Forward
1 - 70% - 60% - 6:55
2 - 30% - 40% - 3:00
PK Defense
1 - 56% - 60% - 5:35
2 - 44% - 40% - 4:20
PK3 Forward
1 - 0% - 60%
2 - 0% - 40%
PK3 Defense
1 - 0% - 60%
2 - 0% - 40%
44 Forward
1 - 0% - 60%
2 - 0% - 40%
44 Defense
1 - 0% - 60%
2 - 0% - 40%
Last Minute Offensive - 0:59
Last Minute Defensive - 0:00
Total
Forward - 60:00
Defense - 60:00
|
% Time on Ice - Canadiens
Lines # - Real PCT - Wanted PCT - Time Play
Normal Forward
1 - 33% - 40% - 12:15
2 - 24% - 30% - 8:53
3 - 28% - 20% - 10:38
4 - 15% - 10% - 5:38
Normal Defense
1 - 44% - 40% - 16:29
2 - 29% - 30% - 10:55
3 - 24% - 20% - 8:52
4 - 3% - 10% - 1:08
PP Forward
1 - 62% - 60% - 6:08
2 - 38% - 40% - 3:47
PP Defense
1 - 67% - 60% - 6:38
2 - 33% - 40% - 3:17
PK Forward
1 - 76% - 60% - 9:05
2 - 24% - 40% - 2:52
PK Defense
1 - 58% - 60% - 6:56
2 - 42% - 40% - 5:01
PK3 Forward
1 - 0% - 60%
2 - 0% - 40%
PK3 Defense
1 - 0% - 60%
2 - 0% - 40%
44 Forward
1 - 0% - 60%
2 - 0% - 40%
44 Defense
1 - 0% - 60%
2 - 0% - 40%
Last Minute Offensive - 0:00
Last Minute Defensive - 0:44
Total
Forward - 60:00
Defense - 60:00
|
Play by Play
1st period
0:01 of 1st period - Sidney Crosby wins face-off versus Steven Stamkos in neutral zone.
0:06 of 1st period - Dion Phaneuf is hit by Luke Schenn and loses puck.
0:11 of 1st period - Snap shot by Joe Pavelski.
0:11 of 1st period - Stopped by Brian Elliott with a rebound.
0:17 of 1st period - Wrist shot by Sidney Crosby.
0:17 of 1st period - Stopped by Brian Elliott with a rebound.
0:24 of 1st period - Icing by Steven Stamkos.
0:25 of 1st period - Jason Spezza wins face-off versus Sam Gagner in Penguins zone.
0:51 of 1st period - Snap shot by Dion Phaneuf.
0:51 of 1st period - Deflect By Dennis Wideman.
0:51 of 1st period - Stopped by Jonathan Bernier without a rebound.
0:52 of 1st period - Dustin Boyd wins face-off versus Brayden Schenn in Canadiens zone.
0:54 of 1st period - Icing by Vitaly Vishnevsky.
0:55 of 1st period - Brayden Schenn wins face-off versus Dustin Boyd in Canadiens zone.
0:58 of 1st period - Snap shot by Brayden Schenn.
0:58 of 1st period - Stopped by Jonathan Bernier with a rebound.
1:00 of 1st period - Slapshot by Duncan Keith.
1:00 of 1st period - Shot Misses the Net.
1:02 of 1st period - Slapshot by Keith Aulie.
1:02 of 1st period - Deflect By Brett Maclean.
1:02 of 1st period - Stopped by Jonathan Bernier with a rebound.
1:04 of 1st period - Slapshot by Keith Aulie.
1:04 of 1st period - Deflect By Vitaly Vishnevsky.
1:04 of 1st period - Stopped by Jonathan Bernier without a rebound.
1:05 of 1st period - Andrew Ebbett wins face-off versus Josef Vasicek in Canadiens zone.
1:10 of 1st period - Slapshot by Vitaly Vishnevsky.
1:10 of 1st period - Shot Blocked by Paul Ranger.
1:16 of 1st period - Snap shot by Evgeny Dadonov.
1:16 of 1st period - Shot Misses the Net.
1:24 of 1st period - Vitaly Vishnevsky is hit by Josef Vasicek and loses puck.
2:22 of 1st period - Snap shot by Brayden Schenn.
2:22 of 1st period - Stopped by Jonathan Bernier without a rebound.
2:23 of 1st period - Dustin Boyd wins face-off versus Brayden Schenn in Canadiens zone.
2:25 of 1st period - Icing by Luke Schenn.
2:26 of 1st period - Dustin Boyd wins face-off versus Steven Stamkos in Canadiens zone.
2:37 of 1st period - Backhand shot by Bobby Ryan.
2:37 of 1st period - Shot Blocked by Maxim Kondratiev.
2:46 of 1st period - Slapshot by Maxim Kondratiev.
2:46 of 1st period - Deflect By David Jones.
2:46 of 1st period - Shot Misses the Net.
2:46 of 1st period - Puck is out of play.
2:47 of 1st period - Sidney Crosby wins face-off versus Brayden Schenn in Penguins zone.
3:00 of 1st period - Wrist shot by Sidney Crosby.
3:00 of 1st period - Stopped by Brian Elliott without a rebound.
3:01 of 1st period - Sidney Crosby wins face-off versus Sam Gagner in Penguins zone.
3:08 of 1st period - Snap shot by Joe Pavelski.
3:08 of 1st period - Shot Blocked by Duncan Keith.
3:10 of 1st period - Slapshot by Luke Schenn.
3:10 of 1st period - Deflect By Max Pacioretty.
3:10 of 1st period - Stopped by Brian Elliott with a rebound.
3:12 of 1st period - Snap shot by Joe Pavelski.
3:12 of 1st period - Stopped by Brian Elliott without a rebound.
3:13 of 1st period - Steven Stamkos wins face-off versus Sidney Crosby in Penguins zone.
3:18 of 1st period - Snap shot by Greg Stewart.
3:18 of 1st period - Stopped by Brian Elliott without a rebound.
3:19 of 1st period - Bobby Ryan wins face-off versus Sidney Crosby in Penguins zone.
3:36 of 1st period - Snap shot by Steven Stamkos.
3:36 of 1st period - Stopped by Jonathan Bernier with a rebound.
3:50 of 1st period - Wrist shot by Patrick Sharp.
3:50 of 1st period - Shot Misses the Net.
3:52 of 1st period - Slapshot by Jiri Tlusty.
3:52 of 1st period - Goal by Jiri Tlusty - Penguins : 0 - Canadiens : 1.
3:53 of 1st period - Brayden Schenn wins face-off versus Jason Spezza in neutral zone.
3:56 of 1st period - Kurt Sauer is hit by Keith Aulie and loses puck.
4:06 of 1st period - Minor Penalty to Keith Aulie for Hooking.
4:07 of 1st period - Brayden Schenn wins face-off versus Sidney Crosby in Penguins zone.
4:13 of 1st period - Snap shot by Simon Gagné.
4:13 of 1st period - Shot Misses the Net.
4:17 of 1st period - Wrist shot by Simon Gagné.
4:17 of 1st period - Stopped by Jonathan Bernier without a rebound.
4:18 of 1st period - Brayden Schenn wins face-off versus Sidney Crosby in Canadiens zone.
4:21 of 1st period - Wrist shot by Brayden Schenn.
4:21 of 1st period - Stopped by Jonathan Bernier without a rebound.
4:22 of 1st period - Simon Gagné wins face-off versus Sidney Crosby in Canadiens zone.
4:25 of 1st period - Snap shot by Brayden Schenn.
4:25 of 1st period - Shot Misses the Net.
4:27 of 1st period - Backhand shot by Sean Zimmerman.
4:27 of 1st period - Shot Blocked by Dennis Wideman.
4:29 of 1st period - Slapshot by Dion Phaneuf.
4:29 of 1st period - Deflect By Sidney Crosby.
4:29 of 1st period - Stopped by Jonathan Bernier with a rebound.
6:06 of 1st period - Penalty to Keith Aulie is over, Keith Aulie is back on ice.
6:27 of 1st period - D.J King is hit by David Jones and loses puck.
6:38 of 1st period - Andrew Ebbett is hit by Sam Gagner.
7:29 of 1st period - Keith Aulie is hit by Luke Schenn and loses puck.
8:15 of 1st period - Snap shot by Evgeny Dadonov.
8:15 of 1st period - Shot Misses the Net.
8:17 of 1st period - Slapshot by Dennis Wideman.
8:17 of 1st period - Stopped by Brian Elliott without a rebound.
8:18 of 1st period - Sidney Crosby wins face-off versus Brayden Schenn in Penguins zone.
8:19 of 1st period - Snap shot by Greg Stewart.
8:19 of 1st period - Shot Blocked by Eric Gryba.
8:54 of 1st period - Snap shot by Patrick Sharp.
8:54 of 1st period - Shot Misses the Net.
8:56 of 1st period - Backhand shot by Kurt Sauer.
8:56 of 1st period - Deflect By Steven Stamkos.
8:56 of 1st period - Stopped by Brian Elliott with a rebound.
8:58 of 1st period - Slapshot by Vitaly Vishnevsky.
8:58 of 1st period - Stopped by Brian Elliott without a rebound.
8:59 of 1st period - Sam Gagner wins face-off versus Dustin Boyd in Penguins zone.
8:59 of 1st period - Sam Gagner is hit by Brett Maclean.
9:05 of 1st period - Slapshot by Dion Phaneuf.
9:05 of 1st period - Deflect By Maxim Kondratiev.
9:05 of 1st period - Stopped by Jonathan Bernier with a rebound.
9:07 of 1st period - Minor Penalty to Maxim Kondratiev for Roughing.
9:08 of 1st period - Jason Spezza wins face-off versus Steven Stamkos in Canadiens zone.
11:05 of 1st period - Brayden Schenn is hit by Wes O'Neill and loses puck.
11:07 of 1st period - Penalty to Maxim Kondratiev is over, Maxim Kondratiev is back on ice.
11:16 of 1st period - Wrist shot by Dustin Boyd.
11:16 of 1st period - Stopped by Brian Elliott without a rebound.
11:17 of 1st period - Dustin Boyd wins face-off versus Josef Vasicek in Penguins zone.
11:18 of 1st period - Snap shot by David Jones.
11:18 of 1st period - Shot Misses the Net.
11:48 of 1st period - Snap shot by Evgeny Dadonov.
11:48 of 1st period - Shot Misses the Net.
11:50 of 1st period - Slapshot by Kurt Sauer.
11:50 of 1st period - Shot Blocked by Eric Gryba.
11:52 of 1st period - Slapshot by Vitaly Vishnevsky.
11:52 of 1st period - Stopped by Brian Elliott with a rebound.
11:54 of 1st period - Wrist shot by Nick Spaling.
11:54 of 1st period - Stopped by Brian Elliott without a rebound.
11:55 of 1st period - Sam Gagner wins face-off versus Joe Pavelski in Penguins zone.
11:57 of 1st period - Minor Penalty to Dion Phaneuf for Holding.
11:58 of 1st period - Brayden Schenn wins face-off versus Sidney Crosby in Penguins zone.
12:23 of 1st period - Simon Gagné is hit by Greg Stewart and loses puck.
12:32 of 1st period - Slapshot by Jason Spezza.
12:32 of 1st period - Stopped by Brian Elliott with a rebound.
12:51 of 1st period - Duncan Keith is hit by Dennis Wideman and loses puck.
13:10 of 1st period - Wrist shot by Jason Spezza.
13:10 of 1st period - Stopped by Brian Elliott with a rebound.
13:12 of 1st period - Slapshot by Jason Spezza.
13:12 of 1st period - Stopped by Brian Elliott without a rebound.
13:13 of 1st period - Sidney Crosby wins face-off versus Brayden Schenn in Penguins zone.
13:16 of 1st period - Snap shot by Joe Pavelski.
13:16 of 1st period - Stopped by Brian Elliott with a rebound.
13:18 of 1st period - Snap shot by Patrick Sharp.
13:18 of 1st period - Stopped by Brian Elliott without a rebound.
13:19 of 1st period - Brayden Schenn wins face-off versus Sidney Crosby in Penguins zone.
13:44 of 1st period - Keith Aulie is hit by Dennis Wideman and loses puck.
13:57 of 1st period - Penalty to Dion Phaneuf is over, Dion Phaneuf is back on ice.
15:45 of 1st period - Snap shot by Nathan Horton.
15:45 of 1st period - Shot Blocked by Wes O'Neill.
16:28 of 1st period - Minor Penalty to Josef Vasicek for Tripping.
16:29 of 1st period - Brayden Schenn wins face-off versus Joe Pavelski in Penguins zone.
16:52 of 1st period - Keith Aulie is hit by Sidney Crosby and loses puck.
17:33 of 1st period - Snap shot by Sidney Crosby.
17:33 of 1st period - Stopped by Brian Elliott with a rebound.
17:53 of 1st period - Slapshot by Sidney Crosby.
17:53 of 1st period - Shot Blocked by Keith Aulie.
18:28 of 1st period - Penalty to Josef Vasicek is over, Josef Vasicek is back on ice.
18:35 of 1st period - Snap shot by Patrick Sharp.
18:35 of 1st period - Shot Blocked by Sean Zimmerman.
18:37 of 1st period - Backhand shot by Patrick Sharp.
18:37 of 1st period - Deflect By Sidney Crosby.
18:37 of 1st period - Shot Misses the Net.
18:37 of 1st period - Puck is out of play.
18:38 of 1st period - Dustin Boyd wins face-off versus Josef Vasicek in Penguins zone.
19:03 of 1st period - Maxim Kondratiev is hit by Simon Gagné and loses puck.
Goals for this period are 0 for Penguins vs 1 for Canadiens.
Shots for this period are 10 for Penguins vs 19 for Canadiens.
2nd period
0:01 of 2nd period - Steven Stamkos wins face-off versus Joe Pavelski in neutral zone.
0:06 of 2nd period - Backhand shot by Bobby Ryan.
0:06 of 2nd period - Stopped by Jonathan Bernier without a rebound.
0:07 of 2nd period - Steven Stamkos wins face-off versus Sidney Crosby in Canadiens zone.
0:18 of 2nd period - Slapshot by Steven Stamkos.
0:18 of 2nd period - Stopped by Jonathan Bernier with a rebound.
0:20 of 2nd period - Snap shot by Andrew Cogliano.
0:20 of 2nd period - Shot Misses the Net.
0:26 of 2nd period - Wrist shot by Andrew Cogliano.
0:26 of 2nd period - Shot Blocked by Luke Schenn.
0:43 of 2nd period - Minor Penalty to Luke Schenn for Slashing.
0:44 of 2nd period - Max Pacioretty wins face-off versus Jason Spezza in Canadiens zone.
0:54 of 2nd period - Slapshot by Nathan Horton.
0:54 of 2nd period - Shot Misses the Net.
1:50 of 2nd period - Off-side.
1:51 of 2nd period - Steven Stamkos wins face-off versus Sidney Crosby in neutral zone.
2:43 of 2nd period - Penalty to Luke Schenn is over, Luke Schenn is back on ice.
3:27 of 2nd period - Nathan Horton is hit by Andrew Ebbett and loses puck.
4:16 of 2nd period - Wrist shot by Dustin Boyd.
4:16 of 2nd period - Stopped by Brian Elliott with a rebound.
4:29 of 2nd period - Sean Zimmerman is hit by Vitaly Vishnevsky and loses puck.
4:43 of 2nd period - Slapshot by Steven Stamkos.
4:43 of 2nd period - Shot Misses the Net.
5:29 of 2nd period - Snap shot by Bobby Ryan.
5:29 of 2nd period - Shot Misses the Net.
5:31 of 2nd period - Snap shot by Bobby Ryan.
5:31 of 2nd period - Shot Misses the Net.
5:33 of 2nd period - Wrist shot by Dion Phaneuf.
5:33 of 2nd period - Deflect By Vitaly Vishnevsky.
5:33 of 2nd period - Stopped by Jonathan Bernier with a rebound.
5:35 of 2nd period - Snap shot by Bobby Ryan.
5:35 of 2nd period - Stopped by Jonathan Bernier without a rebound.
5:36 of 2nd period - Sidney Crosby wins face-off versus Sam Gagner in Canadiens zone.
5:41 of 2nd period - Sam Gagner is hit by Joe Pavelski and loses puck.
6:24 of 2nd period - Slapshot by Paul Ranger.
6:24 of 2nd period - Stopped by Jonathan Bernier without a rebound.
6:25 of 2nd period - Josef Vasicek wins face-off versus Andrew Ebbett in Canadiens zone.
6:26 of 2nd period - Wrist shot by Nikita Alexeev.
6:26 of 2nd period - Stopped by Jonathan Bernier with a rebound.
6:30 of 2nd period - Snap shot by Josef Vasicek.
6:30 of 2nd period - Shot Misses the Net.
6:35 of 2nd period - Icing by Maxim Kondratiev.
6:36 of 2nd period - Sam Gagner wins face-off versus Andrew Ebbett in Canadiens zone.
6:48 of 2nd period - Off-side.
6:49 of 2nd period - Sam Gagner wins face-off versus Sidney Crosby in neutral zone.
6:51 of 2nd period - Dion Phaneuf is hit by Sidney Crosby and loses puck.
7:16 of 2nd period - Simon Gagné is hit by Luke Schenn.
7:26 of 2nd period - Snap shot by Patrick Sharp.
7:26 of 2nd period - Shot Misses the Net.
7:28 of 2nd period - Wrist shot by Jason Spezza.
7:28 of 2nd period - Goal by Jason Spezza - Penguins : 0 - Canadiens : 2.
7:29 of 2nd period - Steven Stamkos wins face-off versus Joe Pavelski in neutral zone.
7:32 of 2nd period - Slapshot by Steven Stamkos.
7:32 of 2nd period - Shot Misses the Net.
7:34 of 2nd period - Wrist shot by Steven Stamkos.
7:34 of 2nd period - Shot Misses the Net.
7:36 of 2nd period - Slapshot by Keith Aulie.
7:36 of 2nd period - Goal by Keith Aulie - Penguins : 1 - Canadiens : 2.
7:37 of 2nd period - Steven Stamkos wins face-off versus Sidney Crosby in neutral zone.
8:04 of 2nd period - Nathan Horton is hit by Jiri Tlusty and loses puck.
8:26 of 2nd period - Nathan Horton is hit by Patrick Sharp and loses puck.
8:33 of 2nd period - Wrist shot by Jiri Tlusty.
8:33 of 2nd period - Stopped by Brian Elliott without a rebound.
8:34 of 2nd period - Sidney Crosby wins face-off versus Steven Stamkos in Penguins zone.
8:37 of 2nd period - Snap shot by Sidney Crosby.
8:37 of 2nd period - Stopped by Brian Elliott without a rebound.
8:38 of 2nd period - Steven Stamkos wins face-off versus Sidney Crosby in Penguins zone.
8:38 of 2nd period - Sean Zimmerman is hit by Greg Stewart.
8:52 of 2nd period - Snap shot by Steven Stamkos.
8:52 of 2nd period - Stopped by Jonathan Bernier without a rebound.
8:53 of 2nd period - Sam Gagner wins face-off versus Jiri Tlusty in Canadiens zone.
9:04 of 2nd period - Wrist shot by Jason Spezza.
9:04 of 2nd period - Shot Misses the Net.
9:47 of 2nd period - Snap shot by Brayden Schenn.
9:47 of 2nd period - Stopped by Jonathan Bernier without a rebound.
9:48 of 2nd period - Jason Spezza wins face-off versus Sam Gagner in Canadiens zone.
9:57 of 2nd period - Snap shot by Max Pacioretty.
9:57 of 2nd period - Shot Misses the Net.
9:59 of 2nd period - Snap shot by Duncan Keith.
9:59 of 2nd period - Shot Blocked by Patrick Sharp.
10:01 of 2nd period - Snap shot by Sam Gagner.
10:01 of 2nd period - Shot Misses the Net.
10:03 of 2nd period - Wrist shot by Max Pacioretty.
10:03 of 2nd period - Stopped by Jonathan Bernier without a rebound.
10:04 of 2nd period - Sidney Crosby wins face-off versus Andrew Cogliano in Canadiens zone.
10:15 of 2nd period - Luke Schenn is hit by Bobby Ryan and loses puck.
11:16 of 2nd period - Snap shot by Joe Pavelski.
11:16 of 2nd period - Stopped by Brian Elliott with a rebound.
11:40 of 2nd period - Snap shot by Brian McGrattan.
11:40 of 2nd period - Shot Misses the Net.
11:44 of 2nd period - Snap shot by Brayden Schenn.
11:44 of 2nd period - Shot Blocked by Dennis Wideman.
11:46 of 2nd period - Snap shot by Dion Phaneuf.
11:46 of 2nd period - Shot Blocked by Wes O'Neill.
11:48 of 2nd period - Slapshot by Sean Zimmerman.
11:48 of 2nd period - Stopped by Jonathan Bernier with a rebound.
11:50 of 2nd period - Slapshot by Sean Zimmerman.
11:50 of 2nd period - Stopped by Jonathan Bernier with a rebound.
11:52 of 2nd period - Slapshot by Dion Phaneuf.
11:52 of 2nd period - Stopped by Jonathan Bernier with a rebound.
11:54 of 2nd period - Snap shot by Simon Gagné.
11:54 of 2nd period - Shot Misses the Net.
12:06 of 2nd period - Wrist shot by Brian McGrattan.
12:06 of 2nd period - Stopped by Jonathan Bernier without a rebound.
12:07 of 2nd period - Steven Stamkos wins face-off versus Jason Spezza in Canadiens zone.
12:10 of 2nd period - Snap shot by Steven Stamkos.
12:10 of 2nd period - Deflect By Jason Spezza.
12:10 of 2nd period - Shot Misses the Net.
12:10 of 2nd period - Puck is out of play.
12:11 of 2nd period - Patrick Sharp wins face-off versus Steven Stamkos in Canadiens zone.
12:24 of 2nd period - Andrew Cogliano is hit by Vitaly Vishnevsky.
13:11 of 2nd period - Wrist shot by Dustin Boyd.
13:11 of 2nd period - Shot Blocked by Paul Ranger.
13:28 of 2nd period - Off-side.
13:29 of 2nd period - Patrick Sharp wins face-off versus Steven Stamkos in neutral zone.
13:38 of 2nd period - Snap shot by Jason Spezza.
13:38 of 2nd period - Stopped by Brian Elliott without a rebound.
13:39 of 2nd period - Sidney Crosby wins face-off versus Steven Stamkos in Penguins zone.
13:40 of 2nd period - Wrist shot by Joe Pavelski.
13:40 of 2nd period - Shot Misses the Net.
14:18 of 2nd period - Jiri Tlusty is hit by Max Pacioretty and loses puck.
14:44 of 2nd period - Brian McGrattan is hit by Dustin Boyd and loses puck.
15:59 of 2nd period - Slapshot by Simon Gagné.
15:59 of 2nd period - Shot Misses the Net.
16:01 of 2nd period - Slapshot by Brian McGrattan.
16:01 of 2nd period - Stopped by Jonathan Bernier with a rebound.
16:03 of 2nd period - Snap shot by Brayden Schenn.
16:03 of 2nd period - Shot Misses the Net.
16:09 of 2nd period - Snap shot by Brayden Schenn.
16:09 of 2nd period - Shot Blocked by Brett Maclean.
16:11 of 2nd period - Slapshot by Sean Zimmerman.
16:11 of 2nd period - Shot Misses the Net.
16:13 of 2nd period - Wrist shot by Simon Gagné.
16:13 of 2nd period - Stopped by Jonathan Bernier without a rebound.
16:14 of 2nd period - Steven Stamkos wins face-off versus Sidney Crosby in Canadiens zone.
17:04 of 2nd period - Minor Penalty to Kurt Sauer for Hooking.
17:05 of 2nd period - Steven Stamkos wins face-off versus Jason Spezza in Canadiens zone.
17:05 of 2nd period - Wrist shot by Andrew Cogliano.
17:05 of 2nd period - Stopped by Jonathan Bernier with a rebound.
17:07 of 2nd period - Snap shot by Steven Stamkos.
17:07 of 2nd period - Goal by Steven Stamkos - Penguins : 2 - Canadiens : 2.
17:08 of 2nd period - Steven Stamkos wins face-off versus Sidney Crosby in neutral zone.
17:13 of 2nd period - Slapshot by Duncan Keith.
17:13 of 2nd period - Stopped by Jonathan Bernier with a rebound.
17:42 of 2nd period - Snap shot by Patrick Sharp.
17:42 of 2nd period - Shot Blocked by Dion Phaneuf.
18:22 of 2nd period - Snap shot by David Jones.
18:22 of 2nd period - Shot Misses the Net.
18:24 of 2nd period - Snap shot by David Jones.
18:24 of 2nd period - Deflect By Simon Gagné.
18:24 of 2nd period - Shot Misses the Net.
18:24 of 2nd period - Puck is out of play.
18:25 of 2nd period - Sidney Crosby wins face-off versus Steven Stamkos in Penguins zone.
18:28 of 2nd period - Snap shot by Joe Pavelski.
18:28 of 2nd period - Goal by Joe Pavelski - Penguins : 2 - Canadiens : 3.
18:29 of 2nd period - Steven Stamkos wins face-off versus Sidney Crosby in neutral zone.
18:55 of 2nd period - Patrick Sharp is hit by Keith Aulie and loses puck.
19:27 of 2nd period - Snap shot by Brayden Schenn.
19:27 of 2nd period - Stopped by Jonathan Bernier without a rebound.
19:28 of 2nd period - Sidney Crosby wins face-off versus Steven Stamkos in Canadiens zone.
Goals for this period are 2 for Penguins vs 2 for Canadiens.
Shots for this period are 20 for Penguins vs 7 for Canadiens.
3rd period
0:01 of 3rd period - Steven Stamkos wins face-off versus Sidney Crosby in neutral zone.
0:27 of 3rd period - Max Pacioretty is hit by Maxim Kondratiev and loses puck.
1:00 of 3rd period - Wrist shot by Simon Gagné.
1:00 of 3rd period - Stopped by Jonathan Bernier with a rebound.
1:02 of 3rd period - Snap shot by Sean Zimmerman.
1:02 of 3rd period - Stopped by Jonathan Bernier with a rebound.
1:04 of 3rd period - Slapshot by Dion Phaneuf.
1:04 of 3rd period - Goal by Dion Phaneuf - Penguins : 3 - Canadiens : 3.
1:05 of 3rd period - Steven Stamkos wins face-off versus Sidney Crosby in neutral zone.
1:19 of 3rd period - Minor Penalty to Vitaly Vishnevsky for Hooking.
1:20 of 3rd period - Steven Stamkos wins face-off versus Jason Spezza in Canadiens zone.
1:47 of 3rd period - Off-side.
1:48 of 3rd period - Jason Spezza wins face-off versus Sam Gagner in neutral zone.
2:03 of 3rd period - Snap shot by Sam Gagner.
2:03 of 3rd period - Stopped by Jonathan Bernier with a rebound.
2:49 of 3rd period - Icing by Steven Stamkos.
2:50 of 3rd period - Steven Stamkos wins face-off versus Sidney Crosby in Penguins zone.
3:19 of 3rd period - Penalty to Vitaly Vishnevsky is over, Vitaly Vishnevsky is back on ice.
3:33 of 3rd period - Minor Penalty to Brett Maclean for Hooking.
3:34 of 3rd period - Jason Spezza wins face-off versus Steven Stamkos in Canadiens zone.
5:09 of 3rd period - Maxim Kondratiev is hit by Dion Phaneuf and loses puck.
5:33 of 3rd period - Penalty to Brett Maclean is over, Brett Maclean is back on ice.
5:42 of 3rd period - Slapshot by Sean Zimmerman.
5:42 of 3rd period - Stopped by Jonathan Bernier without a rebound.
5:43 of 3rd period - Sidney Crosby wins face-off versus Josef Vasicek in Canadiens zone.
5:48 of 3rd period - Wrist shot by Sidney Crosby.
5:48 of 3rd period - Goal by Sidney Crosby - Penguins : 3 - Canadiens : 4.
5:49 of 3rd period - Sidney Crosby wins face-off versus Steven Stamkos in neutral zone.
5:58 of 3rd period - Snap shot by Andrew Cogliano.
5:58 of 3rd period - Deflect By Joe Pavelski.
5:58 of 3rd period - Stopped by Jonathan Bernier without a rebound.
5:59 of 3rd period - Steven Stamkos wins face-off versus Sidney Crosby in Canadiens zone.
6:30 of 3rd period - Wrist shot by Bobby Ryan.
6:30 of 3rd period - Stopped by Jonathan Bernier with a rebound.
6:57 of 3rd period - Snap shot by Luke Schenn.
6:57 of 3rd period - Stopped by Brian Elliott with a rebound.
7:12 of 3rd period - Wrist shot by Steven Stamkos.
7:12 of 3rd period - Shot Blocked by Maxim Kondratiev.
7:14 of 3rd period - Slapshot by Duncan Keith.
7:14 of 3rd period - Stopped by Jonathan Bernier without a rebound.
7:15 of 3rd period - Jason Spezza wins face-off versus Sam Gagner in Canadiens zone.
7:26 of 3rd period - Snap shot by Patrick Sharp.
7:26 of 3rd period - Stopped by Brian Elliott without a rebound.
7:27 of 3rd period - Jason Spezza wins face-off versus Sam Gagner in Penguins zone.
7:34 of 3rd period - Snap shot by Patrick Sharp.
7:34 of 3rd period - Shot Misses the Net.
7:36 of 3rd period - Slapshot by Wes O'Neill.
7:36 of 3rd period - Shot Misses the Net.
7:38 of 3rd period - Wrist shot by Dennis Wideman.
7:38 of 3rd period - Stopped by Brian Elliott without a rebound.
7:39 of 3rd period - Jason Spezza wins face-off versus Sam Gagner in Penguins zone.
7:43 of 3rd period - Minor Penalty to Sam Gagner for Interference.
7:44 of 3rd period - Brayden Schenn wins face-off versus Sidney Crosby in Penguins zone.
8:38 of 3rd period - Duncan Keith is hit by Patrick Sharp and loses puck.
9:43 of 3rd period - Penalty to Sam Gagner is over, Sam Gagner is back on ice.
9:49 of 3rd period - Off-side.
9:50 of 3rd period - Sam Gagner wins face-off versus Dustin Boyd in neutral zone.
10:05 of 3rd period - Sam Gagner is hit by Dustin Boyd and loses puck.
10:39 of 3rd period - Off-side.
10:40 of 3rd period - Sidney Crosby wins face-off versus Josef Vasicek in neutral zone.
10:53 of 3rd period - Wrist shot by Sidney Crosby.
10:53 of 3rd period - Shot Hit the Post.
11:05 of 3rd period - Patrick Sharp is hit by Dion Phaneuf.
11:19 of 3rd period - Minor Penalty to Kurt Sauer for Cross-checking.
11:20 of 3rd period - Steven Stamkos wins face-off versus Jason Spezza in Canadiens zone.
11:37 of 3rd period - Wrist shot by Bobby Ryan.
11:37 of 3rd period - Shot Misses the Net.
13:19 of 3rd period - Penalty to Kurt Sauer is over, Kurt Sauer is back on ice.
13:35 of 3rd period - Icing by Keith Aulie.
13:36 of 3rd period - Brayden Schenn wins face-off versus Andrew Ebbett in Penguins zone.
14:25 of 3rd period - Minor Penalty to Greg Stewart for Tripping.
14:26 of 3rd period - Jason Spezza wins face-off versus Steven Stamkos in Canadiens zone.
14:40 of 3rd period - Wrist shot by Andrew Cogliano.
14:40 of 3rd period - Shot Misses the Net.
14:42 of 3rd period - Wrist shot by Andrew Cogliano.
14:42 of 3rd period - Stopped by Jonathan Bernier with a rebound.
14:52 of 3rd period - Nathan Horton is hit by Dennis Wideman and loses puck.
15:11 of 3rd period - Slapshot by Wes O'Neill.
15:11 of 3rd period - Deflect By Sam Gagner.
15:11 of 3rd period - Stopped by Brian Elliott with a rebound.
16:25 of 3rd period - Penalty to Greg Stewart is over, Greg Stewart is back on ice.
16:39 of 3rd period - Minor Penalty to Simon Gagné for Slashing.
16:40 of 3rd period - Jason Spezza wins face-off versus Brayden Schenn in Penguins zone.
16:40 of 3rd period - Snap shot by Greg Stewart.
16:40 of 3rd period - Stopped by Brian Elliott with a rebound.
16:42 of 3rd period - Wrist shot by Jason Spezza.
16:42 of 3rd period - Canadiens goal is going for a video replay.
16:42 of 3rd period - The goal is refused. The goalkeeper has been pushed into the net together with the puck after making a save..
16:43 of 3rd period - Jason Spezza wins face-off versus Brayden Schenn in Penguins zone.
18:39 of 3rd period - Penalty to Simon Gagné is over, Simon Gagné is back on ice.
18:50 of 3rd period - Penguins, Brian Elliott is pulled from the net.
19:08 of 3rd period - Snap shot by Bobby Ryan.
19:08 of 3rd period - Stopped by Jonathan Bernier without a rebound.
19:09 of 3rd period - Bryan Murray call a timeout for Penguins.
19:09 of 3rd period - Evgeny Dadonov wins face-off versus Steven Stamkos in Canadiens zone.
19:16 of 3rd period - Dion Phaneuf is hit by Patrick Sharp and loses puck.
19:29 of 3rd period - Slapshot by Steven Stamkos.
19:29 of 3rd period - Shot Misses the Net.
19:45 of 3rd period - Snap shot by Joe Pavelski.
19:45 of 3rd period - Deflect By Patrick Sharp.
19:45 of 3rd period - Goal by Patrick Sharp - Penguins : 3 - Canadiens : 5.
19:45 of 3rd period - Brian Elliott from Penguins was sent back in the game.
19:46 of 3rd period - Dustin Boyd wins face-off versus Brayden Schenn in neutral zone.
Goals for this period are 1 for Penguins vs 2 for Canadiens.
Shots for this period are 10 for Penguins vs 8 for Canadiens.
Back to the Top